 Dungeon Crawl Stone Soup version 0.22-a0-351-g29664b4 (webtiles) character file.

449 erloom the Chopper (level 7, -1/36 HPs)
             Began as a Vine Stalker Fighter on Apr 13, 2018.
             Was a Believer of Cheibriados.
             Slain by a gnoll
             ... wielding a +0 halberd
              (8 damage)
             ... on level 4 of the Dungeon.
             The game lasted 00:07:40 (2449 turns).

erloom the Chopper (Vine Stalker Fighter)           Turns: 2449, Time: 00:07:41

Health: -1/36      AC:  8    Str: 25    XL:     7   Next: 4%
Magic:  0/9        EV:  5    Int: 16    God:    Cheibriados [**....]
Gold:   184        SH: 10    Dex: 19    Spells: 4/6 levels left

rFire    . . .     SeeInvis .   a - +0 war axe
rCold    . . .     Gourm    .   c - +0 shield
rNeg     . . .     Faith    .   t - +0 chain mail
rPois    +         Spirit   +   (no helmet)
rElec    .         Reflect  .   (no cloak)
rCorr    .         Harm     .   (no gloves)
MR       +....                  (no boots)
Stlth    ..........             (no amulet)
HPRegen  0.52/turn              o - ring of protection from magic
MPRegen  0.11/turn              q - ring of poison resistance

@: about to teleport, very slow
A: fangs 2, regeneration 1, magic shield, antimagic bite, no potion heal 3, rot
immunity
a: Bend Time, Renounce Religion


You were on level 4 of the Dungeon.
You worshipped Cheibriados.
Cheibriados was pleased with you.
You were not hungry.

You visited 1 branch of the dungeon, and saw 4 of its levels.

You collected 184 gold pieces.

Inventory:

Hand Weapons
 a - a +0 war axe (weapon)
Armour
 b - a +0 scale mail
 c - a +0 shield (worn)
 t - a +0 chain mail (worn)
Jewellery
 o - a ring of protection from magic (left hand)
 q - a ring of poison resistance (right hand)
Wands
 j - a wand of disintegration (18)
Scrolls
 e - a scroll of immolation
 h - a scroll of magic mapping {unknown}
 k - a scroll of amnesia {unknown}
 m - a scroll of enchant weapon {unknown}
 x - a scroll of identify
Potions
 d - 3 potions of might
 i - 4 potions of cancellation
 n - a potion of ambrosia
 p - a potion of magic
 r - a potion of heal wounds
 s - a potion of flight
 u - a potion of invisibility {unknown}
 v - 2 potions of brilliance {unknown}
 w - a potion of degeneration {unknown}
Comestibles
 f - 7 rations
 l - 5 chunks of flesh


   Skills:
 + Level 3.1 Fighting
 + Level 6.2 Axes
 - Level 2.4 Armour
 - Level 2.6 Shields
 + Level 1.5 Invocations


You had 4 spell levels left.
You knew the following spells:

 Your Spells              Type           Power        Failure   Level  Hunger
a - Blink                 Tloc           N/A          100%        2    ###....


Dungeon Overview and Level Annotations

Branches:
Dungeon (4/15)
 Temple: D:4-7

Altars:
Ashenzari
Cheibriados
Makhleb
Ru
Xom

Annotations:
D:4 Pawles22's ghost, amateur OgHu


Innate Abilities, Weirdness & Mutations

You have extremely sharp teeth.
Your natural rate of healing is unusually fast.
When hurt, damage is shared between your health and your magic reserves.
Your bite disrupts and absorbs the magic of your enemies.
Potions cannot restore your health.
You are immune to rotting.


Message History

The worker ant moves out of view.
The gnoll hits you but does no damage. Pawles22's ghost hits you!!
Ouch! That really hurt!
* * * LOW HITPOINT WARNING * * *
Unknown command.
Unknown command.
Unknown command.
Okay, then.
Okay, then.
It was a potion of cancellation.
You feel magically purged. You block the gnoll's attack.
You block Pawles22's ghost's attack. The gnoll closely misses you.
It was a potion of heal wounds.
That seemed strangely inert.
You block the gnoll's attack. You block Pawles22's ghost's attack.
The gnoll barely misses you.
Okay, then.
As you read the scroll of teleportation, it crumbles to dust.
You feel strangely unstable.
The gnoll hits you from afar with a halberd!
You die...

#. ##.
###########..
###............
####...#....######
#...#########
#.### #.# #@# #W#
#ggg...≈.
###....≈. ....§g
...≈. ...§≈ ....
....


You could see Pawles22's ghost and 2 gnolls.

Vanquished Creatures
  A bullfrog (D:4)
  A hound (D:4)
  An orc priest (D:3)
  An iguana (D:4)
  Natasha (thrice) (D:2)
  2 worker ants (D:4)
  A gnoll (D:4)
  6 adders
  An ooze (D:3)
  A worm (D:2)
  A dart slug (D:2)
  5 leopard geckos
  6 orcs (D:3)
  12 bats
  16 giant cockroaches
  6 goblins
  7 hobgoblins
  4 jackals
  A quokka (D:3)
  A ball python (D:3)
  4 frilled lizards
  5 kobolds
  14 rats
100 creatures vanquished.

Notes
Turn   | Place    | Note
-------+----------+-------------------------------------------
     0 | D:1      | erloom the Vine Stalker Fighter began the quest for the Orb.
     0 | D:1      | Reached XP level 1. HP: 11/11 MP: 2/2
    15 | D:1      | Reached skill level 2 in Axes
    65 | D:1      | Reached XP level 2. HP: 14/16 MP: 3/3
   400 | D:1      | Reached skill level 3 in Axes
   506 | D:1      | Reached XP level 3. HP: 18/19 MP: 4/4
   857 | D:2      | Found a snail-covered altar of Cheibriados.
   863 | D:2      | Gained mutation: Your natural rate of healing is unusually fast. [Vine Stalker growth]
   863 | D:2      | Reached XP level 4. HP: 23/23 MP: 5/5
   867 | D:2      | Became a worshipper of Cheibriados the Contemplative
  1040 | D:2      | Reached skill level 4 in Axes
  1165 | D:2      | Found a sacrificial altar of Ru.
  1165 | D:2      | Noticed Natasha
  1174 | D:2      | Killed Natasha
  1182 | D:2      | Found a shattered altar of Ashenzari.
  1185 | D:2      | Found a shimmering altar of Xom.
  1223 | D:2      | Noticed Natasha
  1240 | D:2      | Killed Natasha
  1240 | D:2      | Reached XP level 5. HP: 22/27 MP: 6/6
  1248 | D:2      | Noticed Natasha
  1264 | D:2      | Killed Natasha
  1453 | D:3      | Reached * piety under Cheibriados
  1490 | D:3      | Reached skill level 5 in Axes
  1770 | D:3      | Reached ** piety under Cheibriados
  1818 | D:3      | Reached XP level 6. HP: 31/32 MP: 7/7
  1842 | D:3      | Found a faded altar of an unknown god.
  1923 | D:2      | Found a burning altar of Makhleb.
  2284 | D:4      | Reached skill level 6 in Axes
  2323 | D:4      | Reached skill level 1 in Invocations
  2342 | D:4      | Learned a level 2 spell: Blink
  2434 | D:4      | Noticed Pawles22's ghost (amateur OgHu)
  2440 | D:4      | Reached XP level 7. HP: 27/36 MP: 6/9
  2449 | D:4      | Slain by a gnoll

Vault maps used:
D:1:      minmay_arrival_four_circles
D:2:      lemuel_upstairs_altar, kennysheep_slug_shrine,
          grunt_temple_overflow_open, uniq_natasha
D:3:      minmay_roachtagon, chequers_ecumenical_altar_island,
          amethyst_killhole, grunt_ministairs_13, serial_bayou_lagoon_a
D:4:      first_ration, kennysheep_potato

Skill      XL: |  1  2  3  4  5  6 |
---------------+-------------------+-----
Axes           | 2 3 4 5 6 |  6.2
Fighting       | 3 |  3.1
Invocations    | 1 |  1.5
Armour         | |  2.4
Shields        | |  2.6

Action                   |  1- 3 |  4- 6 |  7- 9 || total
-------------------------+-------+-------+-------++-------
Melee: War axe           |    91 |   189 |     4 ||   284
       Bite              |    20 |    59 |     3 ||    82
Invok: Bend Time         |       |       |     1 ||     1
  Use: Scroll            |       |     5 |     1 ||     6
       Potion            |       |       |     2 ||     2
  Eat: Chunk             |       |     4 |       ||     4
Armor: Scale mail        |    38 |    56 |       ||    94
       Chain mail        |       |    23 |     4 ||    27
Dodge: Dodged            |    37 |    53 |     6 ||    96
Block: Shield            |    36 |   113 |     8 ||   157

Table legend:
 A = Spawn XP
 B = Non-spawn XP
 C = Spawn XP percentage of total XP
 D = Spawn monster count
 E = Non-spawn monster count
 F = Spawn count percentage of total count
 G = Total turns spent on level
                    A         B        C        D         E        F      G
               +---------+---------+-------+---------+---------+-------+---------
         Total |       0 |     642 |   0.0 |       0 |     100 |   0.0 |  2449
               +---------+---------+-------+---------+---------+-------+---------
           D:1 |       0 |      38 |   0.0 |       0 |      21 |   0.0 |   630
           D:2 |       0 |     171 |   0.0 |       0 |      25 |   0.0 |   795
           D:3 |       0 |     166 |   0.0 |       0 |      46 |   0.0 |   840
           D:4 |       0 |     267 |   0.0 |       0 |       8 |   0.0 |   184
               +---------+---------+-------+---------+---------+-------+---------
